 Dungeon Crawl Stone Soup version 0.28.0 (webtiles) character file.

Game seed: 15675405644636909029

12350 browni3141 the Protected (level 11, -4/104 HPs)
             Began as a Minotaur Fighter on Feb 11, 2022.
             Was a High Priest of Okawaru.
             Slain by a sun demon (12 damage)
             ... summoned by a kobold demonologist
             ... on level 11 of the Dungeon.
             The game lasted 00:08:34 (11864 turns).

browni3141 the Protected (Minotaur Fighter)        Turns: 11864, Time: 00:08:34

Health: -4/104     AC: 18    Str: 32    XL:     11   Next: 61%
Magic:  9/10       EV:  8    Int:  5    God:    Okawaru [*****.]
Gold:   449        SH:  6    Dex:  9    Spells: 10/10 levels left

rFire   . . .      SeeInvis .   a - +0 war axe
rCold   . . .      Faith    .   c - +0 buckler
rNeg    . . .      Spirit   .   n - +0 plate armour
rPois   .          Reflect  .   (helmet restricted)
rElec   .          Harm     .   r - +0 cloak
rCorr   .          Rampage  .   (no gloves)
Will    .....                   G - +0 pair of boots
Stlth   ..........              J - amulet of regeneration
HPRegen 1.07/turn               y - +6 ring of strength
MPRegen 0.12/turn               (no ring)

@: about to teleport
A: horns 2, retaliatory headbutt
a: Renounce Religion, Heroism, Finesse, Duel


You were on level 11 of the Dungeon.
You worshipped Okawaru.
Okawaru was extremely pleased with you.
You visited 1 branch of the dungeon, and saw 11 of its levels.
You also visited: Sewer.

You collected 509 gold pieces.
You spent 60 gold pieces at shops.

Inventory:

Hand Weapons
 a - a +0 war axe (weapon)
Missiles
 t - 2 curare-tipped darts (quivered)
 I - 4 throwing nets
Armour
 b - a +0 scale mail
 c - a +0 buckler (worn)
 n - a +0 plate armour (worn)
 o - a +0 pair of boots of flying
 r - a +0 cloak (worn)
 G - a +0 pair of boots (worn)
Jewellery
 j - an amulet of the acrobat
 y - a +6 ring of strength (left hand)
 J - an amulet of regeneration (around neck)
Wands
 D - a wand of flame (26)
 E - a wand of iceblast (6)
 M - a wand of mindburst (5)
Scrolls
 e - a scroll of enchant weapon {unknown}
 f - 5 scrolls of teleportation
 g - 8 scrolls of identify
 h - 3 scrolls of enchant armour {unknown}
 l - a scroll of magic mapping {unknown}
 m - 2 scrolls of summoning {unknown}
 p - a scroll of torment {unknown}
 q - a scroll of fog {unknown}
 s - 3 scrolls of fear {unknown}
 x - a scroll of brand weapon {unknown}
 C - 4 scrolls of immolation {unknown}
 F - 2 scrolls of noise {unknown}
 N - a scroll of blinking {unknown}
Potions
 d - a potion of might
 i - 2 potions of mutation {unknown}
 k - 7 potions of curing
 u - 3 potions of heal wounds {unknown}
 v - 2 potions of invisibility {unknown}
 w - a potion of cancellation {unknown}
 z - 2 potions of brilliance {unknown}
 A - 3 potions of haste {unknown}
 B - 2 potions of attraction {unknown}
 H - a potion of magic {unknown}
 K - a potion of degeneration {unknown}
 L - a potion of berserk rage {unknown}


   Skills:
 + Level 11.8 Fighting
 + Level 11.4 Axes
 + Level 11.8 Armour
 + Level 11.8 Shields


You had 10 spell levels left.
You didn't know any spells.
Your spell library contained the following spells:

 Spells                   Type           Power      Damage    Failure   Level
 Frozen Ramparts          Ice            0%         1d2       100%        3
 Portal Projectile        Hex/Tloc       0%         N/A       100%        3
 Ice Form                 Ice/Tmut       0%         N/A       100%        4
 Blade Hands              Tmut           0%         N/A       100%        5
 Excruciating Wounds      Necr           0%         N/A       100%        5
 Summon Ice Beast         Ice/Summ       Unusable   N/A       N/A         4

Dungeon Overview and Level Annotations

Branches:
Dungeon (11/15)            Temple (0/1) D:7             Orc (0/2) D:9
  Sewer (visited)
   Lair: D:8-11

Altars:
Cheibriados
Dithmenos
Elyvilon
Fedhas
Gozag
Hepliaklqana
Okawaru
Sif Muna
Uskayaw
Wu Jian
Xom
Zin
Beogh

Shops:
D:3 (   D:4 ?


Innate Abilities, Weirdness & Mutations

You have a pair of horns on your head.
You reflexively headbutt those who attack you in melee.


Message History

You block the sixfirhy's attack. The ufetubus barely misses you.
You furiously retaliate!
You headbutt the ufetubus, but do no damage.
The ufetubus completely misses you. The sixfirhy hits you!
* * * LOW HITPOINT WARNING * * *
The sixfirhy shocks you!
* * * LOW HITPOINT WARNING * * *
The sun demon hits you but does no damage.
You block the quasit's attack.
The quasit claws you but does no damage.
The quasit closely misses you.
The ynoxinul gestures.
The kobold demonologist barely misses you.
You furiously retaliate!
You headbutt the kobold demonologist.
The kobold demonologist casts a spell.
The sixfirhy barely misses you.
Unknown command.
You block the sun demon's attack.
The quasit bites you but does no damage.
You block the quasit's attack.
The quasit claws you but does no damage.
The ufetubus hits you but does no damage. x2
The kobold demonologist hits you but does no damage.
The sun demon hits you but does no damage.
Unknown command.
You feel better.
You feel like a meek peon again.
The sixfirhy hits you but does no damage.
The ufetubus hits you but does no damage.
You block the ufetubus's attack.
The ufetubus hits you but does no damage.
You block the ufetubus's attack.
The kobold demonologist gestures wildly while chanting.
The ufetubus barely misses you. You furiously retaliate!
You headbutt the ufetubus!
You kill the ufetubus!
The ufetubus disappears in a puff of smoke!
The kobold demonologist barely misses you.
The sun demon hits you!
You die...

#.. #..
####################..
#.....................
###.................†...
...........##########...
..........#........#...
+#.555..#........#...
#.3@35.#........#...
#5K335.#........'...
#553555#........'...
#55KK..#........#...
#..5.3.#.....>..#...
....3.4#..#######...
#.......#.. ....
#....?..### ....
......... ...


You could see a soul eater (summoned), 2 sun demons, a hellwing (summoned), 3
kobold demonologists, 2 sixfirhies, 2 ynoxinuls, 2 quasits, a crimson imp
(summoned), a shadow imp (summoned) and 10 ufetubi.

Vanquished Creatures
  Josephine (D:10)
  A boulder beetle (D:10)
  Harold (D:8)
  Nergalle (D:10)
  Joseph (D:10)
  A troll (D:5)
  A slime creature (D:6)
  Sigmund (D:3)
  A shadow (D:10)
  2 wyverns
  4 wraiths
  10 yaks
  Grum (D:9)
  A warg (D:10)
  2 steam dragons (D:9)
  2 acid dragons
  4 water moccasins
  9 orc warriors
  An ice beast (D:7)
  A necrophage (D:5)
  3 black bears
  3 wolves (D:9)
  5 centaurs
  8 kobold brigands
  5 bullfrogs
  4 scorpions
  A water moccasin zombie (D:5)
  A wyvern skeleton (D:7)
  2 water moccasin skeletons
  9 killer bees
  8 wights
  5 howler monkeys
  A centaur zombie (D:5)
  2 bullfrog skeletons (D:4)
  4 hounds
  9 orc priests
  4 iguanas
  A scorpion zombie (D:5)
  9 orc wizards
  A hound skeleton (D:4)
  2 howler monkey zombies
  7 gnolls
  13 adders
  3 river rats (D:4)
  A shadow imp (D:5)
  A white imp (D:5)
  An ufetubus (D:5)
  9 worms
  9 dart slugs (D:4)
  67 orcs
  10 ball pythons
  6 bats
  5 endoplasms
  5 giant cockroaches
  11 goblins
  10 hobgoblins
  28 kobolds
  3 quokkas
  6 rats
328 creatures vanquished.

Vanquished Creatures (others)
  A hound (D:6)
  6 fungi
  6 plants
13 creatures vanquished.

Grand Total: 341 creatures vanquished

Notes
Turn   | Place    | Note
-------+----------+-------------------------------------------
     0 | D:1      | browni3141 the Minotaur Fighter began the quest for the
                  | Orb.
     0 | D:1      | Reached XP level 1. HP: 19/19 MP: 0/0
    98 | D:1      | Reached XP level 2. HP: 24/27 MP: 1/1
   363 | D:2      | Reached XP level 3. HP: 19/33 MP: 2/2
  1106 | D:3      | Reached XP level 4. HP: 34/41 MP: 3/3
  1163 | D:3      | Found Jinnaomu's Weapon Shoppe.
  1421 | D:3      | Noticed Sigmund
  1428 | D:3      | Killed Sigmund
  1429 | D:3      | Reached skill level 5 in Fighting
  1429 | D:3      | Reached skill level 5 in Armour
  1429 | D:3      | Reached skill level 5 in Shields
  1429 | D:3      | Reached XP level 5. HP: 35/48 MP: 4/4
  1531 | D:3      | Reached XP level 6. HP: 51/56 MP: 5/5
  1630 | D:3      | Found a faded altar of an unknown god.
  1651 | D:3      | Found a glowing silver altar of Zin.
  2365 | D:4      | Reached skill level 5 in Axes
  2365 | D:4      | Reached XP level 7. HP: 59/62 MP: 6/6
  2368 | D:4      | Found a glowing drain.
  2376 | Sewer    | Entered a sewer
  3152 | D:4      | Found a white marble altar of Elyvilon.
  3238 | D:4      | Found Exifih's Magic Scroll Boutique.
  3247 | D:4      | Bought a scroll of identify for 24 gold pieces
  3247 | D:4      | Bought a scroll of teleportation for 36 gold pieces
  3336 | D:4      | Reached XP level 8. HP: 71/71 MP: 7/7
  3837 | D:5      | Entered Level 5 of the Dungeon
  4079 | D:5      | Found a hide-covered altar of Uskayaw.
  4463 | D:5      | Noticed a troll
  4473 | D:5      | Killed a troll
  4881 | D:5      | Found a shadowy altar of Dithmenos.
  5229 | D:5      | Reached XP level 9. HP: 81/81 MP: 8/8
  5701 | D:6      | Found an iron altar of Okawaru.
  5709 | D:6      | Became a worshipper of Warmaster Okawaru
  5874 | D:6      | Found a hazy altar of Hepliaklqana.
  6474 | D:7      | Reached * piety under Okawaru
  7079 | D:7      | Found a flagged portal.
  7280 | D:7      | Found a staircase to the Ecumenical Temple.
  7625 | D:8      | Reached XP level 10. HP: 42/91 MP: 9/9
  7949 | D:8      | Reached ** piety under Okawaru
  8122 | D:8      | Noticed Harold
  8156 | D:8      | Killed Harold
  8157 | D:8      | Reached skill level 10 in Fighting
  8157 | D:8      | Reached skill level 10 in Armour
  8160 | D:8      | Reached skill level 10 in Shields
  8234 | D:8      | Found a shimmering altar of Xom.
  8399 | D:8      | Found an ornate altar of the Wu Jian Council.
  8485 | D:8      | Reached *** piety under Okawaru
  9104 | D:8      | Reached skill level 10 in Axes
  9172 | D:8      | Found a snail-covered altar of Cheibriados.
  9228 | D:8      | Found a shimmering blue altar of Sif Muna.
  9698 | D:10     | Entered Level 10 of the Dungeon
 10088 | D:10     | Reached **** piety under Okawaru
 10308 | D:9      | Reached XP level 11. HP: 48/101 MP: 7/10
 10353 | D:9      | Found a staircase to the Orcish Mines.
 10751 | D:9      | Noticed Grum
 10771 | D:9      | Killed Grum
 11084 | D:10     | Noticed Nergalle
 11101 | D:10     | Killed Nergalle
 11159 | D:10     | Found an opulent altar of Gozag.
 11167 | D:10     | Noticed a boulder beetle
 11178 | D:10     | Killed a boulder beetle
 11178 | D:10     | Reached ***** piety under Okawaru
 11246 | D:10     | Noticed Josephine
 11264 | D:10     | Killed Josephine
 11408 | D:10     | Noticed Joseph
 11425 | D:10     | Killed Joseph
 11491 | D:10     | Found a blossoming altar of Fedhas.
 11850 | D:11     | Noticed a sixfirhy
 11853 | D:11     | Noticed a sixfirhy
 11853 | D:11     | Noticed a sun demon
 11862 | D:11     | HP: 1/104 [sixfirhy[a kobold demonologist] (10)]
 11863 | D:11     | Noticed a soul eater
 11864 | D:11     | Slain by a sun demon

Illustrated notes

Levels and vault maps discovered:
D:1:      dpeg_arrival_simpleton_c, layout_rooms
D:2:      layout_loops_ring, minmay_vboxes
D:3:      layout_basic, lemuel_coloured_pillars_altar, basic_ecumenical_altar,
          serial_shops, shop_statue, grunt_ministairs_14, uniq_sigmund
D:4:      kennysheep_slugbush, layout_basic, lemuel_round_altar,
          lightli_sewer_entry_pipes, serial_shops, nicolae_shop_stone
D:5:      layout_basic, mainiacjoe_overflow_six_doors_small,
          mainiacjoe_overflow_cross_hatched, minmay_crossroads
D:6:      layout_basic, kennysheep_okawaru_gauntlet,
          nicolae_hepliaklqana_hazy_memory, chequers_arboretum
D:7:      layout_basic, mainiacjoe_overflow_tiny_flanked,
          minmay_temple_entry_antechambers, enter_bailey_4,
          minmay_tree_intersection
D:8:      layout_loops_ring, cheibriados_altar_1, kennysheep_mini_moat,
          mainiacjoe_overflow_paths, mainiacjoe_overflow_alcove_2, special_room
          [special_room_orc], uniq_harold
D:9:      layout_cross, erik_orc_4, uniq_grum
D:10:     layout_rooms, lemuel_round_altar, grunt_gozag_statues, library_closet,
          uniq_josephine, uniq_nergalle, uniq_joseph
D:11:     layout_irregular_city, dpeg_oklobed_lair, centaur_isle

Skill      XL: |  1  2  3  4  5  6  7  8  9 10 11 |
---------------+----------------------------------+-----
Fighting       | 4 5 6 7 9 10 11 | 11.8
Axes           | 3 4 5 7 9 10 11 | 11.4
Armour         | 4 5 6 7 9 10 11 | 11.8
Shields        | 4 5 6 7 9 10 11 | 11.8

Action                   |  1- 3 |  4- 6 |  7- 9 | 10-12 || total
-------------------------+-------+-------+-------+-------++-------
Melee: War axe           |    69 |    82 |   354 |   382 ||   887
       Headbutt          |     5 |    12 |    66 |    83 ||   166
Throw: Dart              |       |       |       |     3 ||     3
Invok: Heroism           |       |       |       |     4 ||     4
  Use: Potion            |       |       |     1 |     1 ||     2
       Scroll            |       |       |       |     1 ||     1
Armor: Scale mail        |    52 |       |       |       ||    52
       Plate armour      |     4 |    63 |   221 |   217 ||   505
Dodge: Dodged            |    22 |    34 |   180 |   191 ||   427
Block: Buckler           |    17 |    22 |    98 |   129 ||   266
